 Dungeon Crawl Stone Soup version 0.18.1-50-g88ac8fd (webtiles) character file.

68481 varam the Unseen (level 14, -5/76 HPs)
             Began as a Spriggan Enchanter on Oct 20, 2016.
             Was the Champion of Okawaru.
             Killed from afar by an orc sorcerer (40 damage)
             ... with a bolt of fire
             ... on level 1 of the Orcish Mines on Oct 21, 2016.
             The game lasted 01:59:01 (35532 turns).

varam the Unseen (Spriggan Enchanter)              Turns: 35532, Time: 01:59:01

Health: -5/76      AC:  3    Str: 15    XL:     14   Next: 86%
Magic:  27/31      EV: 36    Int: 23    God:    Okawaru [******]
Gold:   1704       SH:  3    Dex: 22    Spells: 5 memorised, 10 levels left

rFire  x x .     SeeInvis +     B - +9 lajatang "Poycw" {speed, rF- Int+5 Stlth+}
rCold  + + +     Gourm    .     I - +0 robe of the Dwarven Hall {MP+9 SInv}
rNeg   . . .     Faith    .     (shield currently unavailable)
rPois  .         Spirit   .     C - +0 hat "Jumnaw" {MR- Str+7}
rElec  .         Dismiss  .     V - +0 cloak of Wetuoshi {rC+ Dex+6}
rCorr  .         Reflect  +     (gloves unavailable)
SustAt .         Harm     .     (boots unavailable)
MR     +....                    J - +3 amulet of reflection
Stlth  +++++++++.               W - ring of protection from cold
                                u - ring of ice

@: lethally poisoned (-5 -> -6), heroism, weakened, drained, very quick,
somewhat resistant to hostile enchantments, incredibly stealthy
A: unfitting armour, see invisible, herbivore 3, speed 3, low mp 1, slow
metabolism 2
a: Heroism, Finesse, Renounce Religion


You were on level 1 of the Orcish Mines.
You worshipped Okawaru.
Okawaru was exalted by your worship.
You were not hungry.

You visited 3 branches of the dungeon, and saw 25 of its levels.
You also visited: Labyrinth and Ice Cave.

You collected 1804 gold pieces.
You spent 100 gold pieces at shops.

Inventory:

Hand Weapons
 c - the +6 arbalest "Damnation" {damnation, rF++ rC- MR+}
   (Okawaru gifted it to you on level 8 of the Lair of Beasts)

   It greatly protects you from fire.
   It makes you vulnerable to cold.
   It affects your resistance to hostile enchantments.
 m - the +1 quick blade of Watchfulness {pain, Dex+3}
   (Okawaru gifted it to you on level 5 of the Lair of Beasts)

   In the hands of one skilled in necromantic magic, it inflicts extra damage on
   living creatures.
   It affects your dexterity (+3).
 w - a +0 falchion of draining
 x - a +1 dagger of venom
 B - the +9 lajatang "Poycw" (weapon) {speed, rF- Int+5 Stlth+}
   (You found it in an ice cave)

   Attacks with this weapon are significantly faster.
   It affects your intelligence (+5).
   It makes you vulnerable to fire.
   It makes you more stealthy.
Missiles
 f - 61 bolts
Armour
 b - a +1 robe
 C - the +0 hat "Jumnaw" (worn) {MR- Str+7}
   (Okawaru gifted it to you on level 1 of the Lair of Beasts)

   It affects your strength (+7).
   It affects your resistance to hostile enchantments.
 I - the +0 robe of the Dwarven Hall (worn) {MP+9 SInv}
   (Okawaru gifted it to you on level 14 of the Dungeon)

   It affects your magic capacity (+9).
   It lets you see invisible.
 V - the +0 cloak of Wetuoshi (worn) {rC+ Dex+6}
   (Okawaru gifted it to you on level 2 of the Lair of Beasts)

   It affects your dexterity (+6).
   It protects you from cold.
Jewellery
 a - an uncursed ring of protection from magic
 o - a +4 ring of intelligence {unknown}
 r - an uncursed ring of stealth {unknown}
 u - a ring of ice (left hand)
 G - an uncursed amulet of the gourmand {unknown}
 H - the ring "Quxkiodi" {rElec rPois SInv Stlth-}
   (You found it on level 8 of the Dungeon)

   [ring of see invisible]

   It insulates you from electricity.
   It protects you from poison.
   It lets you see invisible.
   It makes you less stealthy.
 J - a +3 amulet of reflection (around neck)
 W - a ring of protection from cold (right hand)
Wands
 d - a wand of iceblast (5/15)
 y - a wand of lightning (10/15)
 A - a wand of teleportation (5/9)
 M - a wand of iceblast (5/15)
 O - a wand of acid (9/15)
 R - a wand of iceblast (3/15)
 Z - a wand of heal wounds (2/9)
Scrolls
 g - 10 scrolls of remove curse {@r2}
 l - 7 scrolls of teleportation
 p - a scroll of identify {@r1}
 s - a scroll of enchant armour {unknown}
 t - 2 scrolls of recharging
 z - 3 scrolls of blinking
 E - a scroll of enchant weapon
 N - 6 scrolls of magic mapping
 X - a scroll of brand weapon
Potions
 h - 4 potions of might
 i - 2 potions of heal wounds
 k - 2 potions of cure mutation
 n - a potion of haste
 q - a potion of ambrosia {unknown}
 D - 3 potions of agility
 K - a potion of berserk rage {unknown}
 L - a potion of cancellation {unknown}
 T - 4 potions of curing {@q1}
Miscellaneous
 j - a lamp of fire
 F - a sack of spiders
 P - a lamp of fire
 Q - a plain deck of wonders
 U - a plain deck of wonders
 Y - a sack of spiders
Comestibles
 e - 13 fruits
 v - 4 bread rations


   Skills:
 - Level 9.8(14.1) Fighting
 - Level 8.1(16.8) Short Blades
 - Level 12.0(16.8) Long Blades
 + Level 0.2(4.6) Staves
 - Level 1.4(5.8) Crossbows
 - Level 13.0(17.3) Dodging
 - Level 15.7(19.9) Stealth
   Level 3.0(7.4) Shields
 - Level 6.3(5.8) Spellcasting
 - Level 10.1(9.5) Hexes
 - Level 6.0(5.4) Invocations


You had 10 spell levels left.
You knew the following spells:

 Your Spells              Type           Power        Failure   Level  Hunger
a - Ensorcelled Hibernat  Hex/Ice        #####.       1%          2    None
b - Corona                Hex            ######.      1%          1    None
c - Confuse               Hex            ######..     1%          3    #......
d - Dazzling Spray        Conj/Hex       ####..       4%          3    #......
e - Haste                 Chrm           #.......     100%        6    ######.


Dungeon Overview and Level Annotations

Branches:
Dungeon (15/15)            Temple (0/1) D:5            Lair (8/8) D:8
  Swamp (0/4) Lair:4       Spider (0/4) Lair:5        Slime (0/6) Lair:7
    Orc (2/2) D:9             Elf (0/3) Orc:2        Vaults (0/5) D:13
 Depths: D:15

Altars:
Ashenzari
Cheibriados
Dithmenos
Elyvilon
Kikubaaqudgha
Makhleb
Nemelex Xobeh
Okawaru
Pakellas
Trog
Vehumet
Xom
Yredelemnul
Jiyva

Shops:
D:7 (   D:11 [!%(   Orc:2 *(

Annotations:
D:3 Natasha


Innate Abilities, Weirdness & Mutations

You are tiny and cannot use many weapons and most armour.
You have supernaturally acute eyesight.
You are a herbivore.
You cover ground extremely quickly.
You need consume almost no food.
Your magical capacity is low (-10% MP).


Message History

The orc high priest misses you.
You barely miss the orc high priest.
The orc high priest is almost dead.
The orc sorcerer points at you and mumbles some strange words.
The bolt of negative energy hits you!
You feel drained.
Casting: Confuse
Confirm with . or Enter, or press ? or * to list all spells.
Aiming: Dazzling Spray
Press: ? - help, Shift-Dir - straight line, f - orc sorcerer
Aim: an orc sorcerer, wielding a dagger and wearing a runed robe The spray of energy hits the orc sorcerer.
The orc sorcerer is moderately wounded.
The orc sorcerer is dazzled.
The spray of energy misses the orc high priest.
The orc high priest calls down the wrath of Beogh upon you.
You resist with some effort. The orc sorcerer casts a spell at you.
The bolt of fire hits you! The fire burns you terribly!
Ouch! That really hurt!
You die...

##.#....##.###....#.##
#...#..######........#
##.....###.###.#.##.##
##.#.#[#.......##...#
##.##..........###..##
#........[....#.##...#
##.........[......##.##
#.....^....o[.....#...##
##.#.......o@..........#
####........).....)#..##
##............#...[..).#
#..................)..##
##..#...............######
#...##.#............#...##
##.####....##....#.#.....#
##.###....#.....##......##
##...###..#......#....#..##


You could see an orc high priest and an orc sorcerer (blind).

Vanquished Creatures
  A minotaur (Lab)
  Fannar (D:11)
  Josephine (Lair:5)
  8 hydras
  An ice dragon (Orc:2)
  2 centaur warriors
  Erica (D:9)
  2 death yaks (Lair:6)
  Urug (Lair:1)
  2 unseen horrors
  The ghost of Duraxyll the Sneak, a novice GrBe of Trog (D:8)
  4 hill giants
  A lindwurm (Lair:8)
  4 deep elf magi
  An ugly thing (D:13)
  4 griffons
  A cyclops (Orc:1)
  A manticore (D:14)
  A black mamba (shapeshifter) (D:13)
  3 elephants (Lair:7)
  3 ice statues (IceCv)
  Joseph (D:9)
  9 black mambas
  11 spiny frogs
  3 torpor snails
  3 kobold demonologists (D:12)
  12 komodo dragons
  An efreet (D:14)
  5 rime drakes
  2 polar bears (Orc:2)
  4 trolls
  5 two-headed ogres
  A giant leech (Lair:8)
  2 harpy skeletons (D:15)
  3 boulder beetles
  18 blink frogs
  10 slime creatures
  A redback (Lair:5)
  A centaur simulacrum (D:15)
  Sigmund (D:2)
  A vampire (D:13)
  6 wraiths
  27 yaks
  2 basilisks
  3 mottled dragons
  9 hippogriffs
  3 vampire mosquitoes (D:14)
  A soldier ant (D:12)
  2 wargs
  16 water moccasins
  A swamp drake (shapeshifter) (D:13)
  7 porcupines
  9 ice beasts
  14 orc warriors
  2 sky beasts
  An eye of draining (D:14)
  3 black bears
  5 wolves
  12 centaurs
  A phantom (D:6)
  17 ogres
  18 crocodiles
  A crocodile (shapeshifter) (D:13)
  8 big kobolds
  14 giant frogs
  A wyvern zombie (D:14)
  4 scorpions
  2 wyvern skeletons
  6 killer bees
  17 wights
  4 howler monkeys
  3 electric eels
  9 crimson imps
  4 lava snakes (Lab)
  2 giant frog zombies
  A quasit (D:11)
  5 centaur zombies
  6 jellies
  3 centaur skeletons
  8 hounds
  Crazy Yiuf (D:5)
  4 giant frog skeletons
  14 orc priests
  Ijyb (D:2)
  Natasha (D:3)
  6 iguanas
  23 orc wizards
  13 worker ants
  Terence (D:2)
  A killer bee zombie (D:6)
  4 sheep (Lair:5)
  3 hound zombies
  2 hound skeletons
  2 worker ant zombies (D:11)
  11 gnolls
  16 adders
  76 river rats
  5 shadow imps
  2 adder skeletons
  4 worms
  2 dart slugs (D:1)
  7 giant geckos
  64 orcs
  5 giant cockroaches
  2 gnoll zombies (D:6)
  7 goblins
  10 hobgoblins
  12 jackals
  26 kobolds
  7 quokkas
  4 bats (D:1)
  2 giant newts
  A quokka zombie (D:6)
  9 rats
  A plant (Lair:8)
744 creatures vanquished.

Vanquished Creatures (others)
  A black bear (D:9)
  A centaur (D:15)
  2 kobolds
  12 fungi
  4 plants
20 creatures vanquished.

Grand Total: 764 creatures vanquished

Notes
Turn   | Place    | Note
--------------------------------------------------------------
     0 | D:1      | varam the Spriggan Enchanter began the quest for the Orb.
     0 | D:1      | Reached XP level 1. HP: 9/9 MP: 5/5
   151 | D:1      | Reached skill level 5 in Stealth
   151 | D:1      | Reached XP level 2. HP: 7/13 MP: 6/6
   374 | D:2      | Noticed Terence
   374 | D:2      | Noticed Sigmund
   375 | D:2      | Killed Terence
   375 | D:2      | Reached XP level 3. HP: 9/16 MP: 8/8
   381 | D:2      | Killed Sigmund
   381 | D:2      | Reached skill level 7 in Stealth
   381 | D:2      | Reached XP level 4. HP: 12/21 MP: 9/9
   381 | D:2      | Reached XP level 5. HP: 13/24 MP: 10/10
   385 | D:2      | Noticed Ijyb
   518 | D:2      | Killed Ijyb
   574 | D:1      | Learned a level 2 spell: Ensorcelled Hibernation
   578 | D:1      | Learned a level 3 spell: Confuse
  1126 | D:2      | Reached skill level 8 in Stealth
  1311 | D:2      | Found an iron altar of Okawaru.
  1428 | D:2      | Became a worshipper of Warmaster Okawaru
  1532 | D:2      | Found a white marble altar of Elyvilon.
  1642 | D:2      | Reached XP level 6. HP: 18/28 MP: 1/11
  1877 | D:3      | Found a shimmering altar of Xom.
  2041 | D:3      | Noticed Natasha
  2049 | D:3      | Killed Natasha
  2052 | D:3      | Noticed Natasha
  2784 | D:4      | Reached skill level 5 in Short Blades
  2862 | D:4      | Reached XP level 7. HP: 30/32 MP: 9/13
  2887 | D:4      | Found a sparkling altar of Nemelex Xobeh.
  3148 | D:4      | Reached skill level 5 in Hexes
  3308 | D:5      | Entered Level 5 of the Dungeon
  3579 | D:5      | Reached * piety under Okawaru
  4340 | D:6      | Reached XP level 8. HP: 36/36 MP: 12/16
  4341 | D:6      | Found a sparkling altar of Nemelex Xobeh.
  4758 | D:4      | Found a shadowy altar of Dithmenos.
  5094 | D:5      | Found an oddly glowing altar of Pakellas.
  5123 | D:5      | Reached skill level 1 in Fighting
  5431 | D:5      | Found a staircase to the Ecumenical Temple.
  5491 | D:5      | Reached ** piety under Okawaru
  5688 | D:5      | Noticed Crazy Yiuf
  5699 | D:5      | Killed Crazy Yiuf
  5875 | D:5      | Found a snail-covered altar of Cheibriados.
  6057 | D:6      | Reached skill level 5 in Dodging
  6114 | D:6      | Reached skill level 1 in Shields
  6472 | D:6      | Found a basalt altar of Yredelemnul.
  7004 | D:7      | Reached XP level 9. HP: 38/43 MP: 6/17
  7157 | D:7      | Reached *** piety under Okawaru
  7625 | D:7      | Reached skill level 1 in Long Blades
  7713 | D:7      | Found Hautod's Antique Weapon Boutique.
  7782 | D:8      | Reached skill level 9 in Stealth
  7805 | D:8      | Got a brightly glowing brass ring
  8102 | D:8      | Noticed a troll
  8307 | D:8      | Found a bloodstained altar of Trog.
  8608 | D:8      | Reached skill level 10 in Stealth
  8932 | D:8      | Reached **** piety under Okawaru
  9071 | D:9      | Found a staircase to the Orcish Mines.
  9102 | D:9      | Reached skill level 11 in Stealth
  9388 | D:9      | Found a radiant altar of Vehumet.
  9647 | D:8      | Reached XP level 10. HP: 49/49 MP: 12/18
  9838 | D:8      | Noticed Duraxyll's ghost (novice GrBe)
  9850 | D:8      | Found a staircase to the Lair.
  9871 | D:8      | Killed Duraxyll's ghost
  9871 | D:8      | Reached skill level 12 in Stealth
 10033 | D:8      | Reached skill level 5 in Spellcasting
 10035 | D:8      | Reached ***** piety under Okawaru
 11345 | D:9      | Noticed Erica
 11831 | Lair:1   | Entered Level 1 of the Lair of Beasts
 11831 | Lair:1   | Noticed a black mamba
 11842 | Lair:1   | Killed a black mamba
 11842 | Lair:1   | Received a gift from Okawaru
 11842 | Lair:1   | Reached skill level 5 in Fighting
 11899 | Lair:1   | Got a heavily runed hat {god gift}
 11908 | Lair:1   | Identified the +0 hat "Jumnaw" {MR- Str+7} (Okawaru gifted it to you on level 1 of the Lair of Beasts)
 11943 | Lair:1   | Noticed a black mamba
 11949 | Lair:1   | Killed a black mamba
 12774 | Lair:1   | Reached XP level 11. HP: 49/58 MP: 15/21
 13306 | Lair:1   | Noticed Urug
 14287 | Lair:1   | Killed Urug
 14493 | Lair:2   | Found a shattered altar of Ashenzari.
 14763 | Lair:2   | Noticed a four-headed hydra
 14843 | Lair:2   | Killed a four-headed hydra
 14843 | Lair:2   | Reached skill level 10 in Hexes
 14975 | Lair:2   | Received a gift from Okawaru
 14992 | Lair:2   | Got a warped cloak {god gift}
 15003 | Lair:2   | Identified the +0 cloak of Wetuoshi {rC+ Dex+6} (Okawaru gifted it to you on level 2 of the Lair of Beasts)
 15722 | D:8      | Identified the ring "Quxkiodi" {rElec rPois SInv Stlth-} (You found it on level 8 of the Dungeon)
 15740 | D:8      | Learned a level 3 spell: Dazzling Spray
 15810 | Lair:2   | Reached skill level 5 in Long Blades
 16302 | Lair:3   | Noticed a four-headed hydra
 16322 | Lair:3   | Killed a four-headed hydra
 16322 | Lair:3   | Reached skill level 13 in Stealth
 16899 | Lair:3   | Reached XP level 12. HP: 62/62 MP: 15/22
 16995 | Lair:4   | Reached skill level 10 in Dodging
 17040 | Lair:4   | Found a labyrinth entrance.
 17049 | Lab      | Entered a labyrinth
 17435 | Lab      | Noticed a minotaur
 17444 | Lab      | Killed a minotaur
 17444 | Lab      | Reached ****** piety under Okawaru
 17882 | Lair:4   | Found a staircase to the Swamp.
 17928 | Lair:4   | Reached skill level 14 in Stealth
 18066 | Lair:5   | Noticed Josephine
 18257 | Lair:5   | Killed Josephine
 18257 | Lair:5   | Received a gift from Okawaru
 18272 | Lair:5   | Got a steaming quick blade {god gift}
 18273 | Lair:5   | Identified the +1 quick blade of Watchfulness {pain, Dex+3} (Okawaru gifted it to you on level 5 of the Lair of Beasts)
 18342 | Lair:5   | Noticed a seven-headed hydra
 18354 | Lair:5   | Killed a seven-headed hydra
 18598 | Lair:5   | Reached skill level 15 in Stealth
 18644 | Lair:5   | Found a hole to the Spider Nest.
 19166 | Lair:5   | Found a burning altar of Makhleb.
 19566 | Lair:6   | Noticed a death yak
 19579 | Lair:6   | Noticed a death yak
 19581 | Lair:6   | Killed a death yak
 19592 | Lair:6   | Received a gift from Okawaru
 19615 | Lair:6   | Killed a death yak
 19830 | Lair:6   | You fall through a shaft for 2 floors!
 19830 | Lair:8   | Entered Level 8 of the Lair of Beasts
 20385 | Lair:6   | Reached XP level 13. HP: 66/66 MP: 20/23
 21191 | Lair:7   | Found a viscous altar of Jiyva.
 21191 | Lair:7   | Found a staircase to the Slime Pits.
 22571 | Lair:8   | Received a gift from Okawaru
 22963 | Lair:8   | Reached skill level 10 in Long Blades
 23793 | Lair:8   | Learned a level 6 spell: Haste
 24098 | D:9      | Killed Erica
 24165 | D:9      | Noticed Joseph
 24173 | D:9      | Killed Joseph
 24576 | D:10     | Entered Level 10 of the Dungeon
 25598 | D:10     | Reached skill level 1 in Invocations
 26406 | D:11     | Found Rynkaats's Weapon Emporium.
 26521 | D:11     | Received a gift from Okawaru
 26586 | D:11     | Got a translucent greatsling {god gift}
 26587 | D:11     | Identified the +5 greatsling "Mudunewn" {velocity, +Inv rF+ Stlth+} (Okawaru gifted it to you on level 11 of the Dungeon)
 26593 | D:11     | Found Goulev's Food Shoppe.
 26842 | D:11     | Reached XP level 14. HP: 74/74 MP: 24/24
 26949 | D:11     | Found Ahuzom's Armour Emporium.
 27028 | D:11     | Found Foemavop's Distillery.
 27031 | D:11     | Bought a potion of haste for 100 gold pieces
 27492 | D:11     | Noticed Fannar
 27495 | D:11     | Killed Fannar
 28578 | D:12     | Found an ancient bone altar of Kikubaaqudgha.
 28616 | D:12     | Found an oddly glowing altar of Pakellas.
 28956 | D:13     | Noticed a ghost moth
 29256 | D:13     | Received a gift from Okawaru
 29475 | D:13     | Found a gate to the Vaults.
 30728 | D:15     | Entered Level 15 of the Dungeon
 31499 | D:14     | Reached skill level 5 in Invocations
 31717 | D:14     | Received a gift from Okawaru
 31720 | D:14     | Got a bloodstained robe {god gift}
 31731 | D:14     | Identified the +0 robe of the Dwarven Hall {MP+9 SInv} (Okawaru gifted it to you on level 14 of the Dungeon)
 32819 | Orc:1    | Entered Level 1 of the Orcish Mines
 33065 | D:9      | Reached skill level 1 in Crossbows
 34056 | Orc:2    | Entered Level 2 of the Orcish Mines
 34060 | Orc:2    | Found Lonnod's General Store.
 34079 | Orc:2    | Found a frozen archway.
 34148 | IceCv    | Entered an ice cave
 34778 | IceCv    | Got an iridescent lajatang
 34780 | IceCv    | Identified the +9 lajatang "Poycw" {speed, rF- Int+5 Stlth+} (You found it in an ice cave)
 34960 | Orc:2    | Noticed an orc warlord
 34963 | Orc:2    | Found Bear's Antique Weapon Emporium.
 34987 | Orc:2    | Gained mutation: Your magical capacity is low (-10% MP). [a neqoxec]
 35532 | Orc:1    | Killed from afar by an orc sorcerer

Skill      XL: |  1  2  3  4  5  6  7  8  9 10 11 12 13 14 |
---------------+-------------------------------------------+-----
Stealth        | 5 7 8 11 12 13 15 | 15.7
Short Blades   | 2 4 5 7 8 |  8.1
Spellcasting   | 3 4 6 |  6.3
Hexes          | 4 7 8 10 | 10.1
Fighting       | 2 3 6 8 9 |  9.8
Dodging        | 6 8 9 13 | 13.0
Shields        | 2 3 |  3.0
Long Blades    | 1 5 7 10 12 | 12.0
Invocations    | 2 6 |  6.0
Crossbows      | 1 |  1.4
Staves         | |  0.2

Action                   |  1- 3 |  4- 6 |  7- 9 | 10-12 | 13-15 || total
-------------------------+-------+-------+-------+-------+-------++-------
Melee: Dagger            |    41 |   135 |   401 |   606 |    83 ||  1266
       Falchion          |       |       |     2 |   102 |    29 ||   133
       Quick blade       |       |       |       |   198 |  1194 ||  1392
       Lajatang          |       |       |       |       |    41 ||    41
 Fire: Arbalest          |       |       |       |       |    43 ||    43
 Cast: Corona            |     1 |     1 |       |       |       ||     2
       Confuse           |       |    11 |   122 |   178 |   314 ||   625
       Ensorcelled Hiber |       |    15 |    14 |     7 |    22 ||    58
       Dazzling Spray    |       |       |       |    10 |    36 ||    46
Invok: Heroism           |       |       |     1 |     4 |     1 ||     6
  Use: Scroll            |       |       |     3 |     9 |     6 ||    18
       Potion            |       |       |     1 |     4 |     1 ||     6
 Stab: Sleeping          |     7 |    39 |    34 |    59 |    50 ||   189
       Confused          |       |     2 |    48 |    88 |   194 ||   332
       Distracted        |       |     1 |       |     2 |     3 ||     6
       Invisible         |       |       |       |     7 |    23 ||    30
  Eat: Fruit             |       |     2 |     1 |       |    12 ||    15
       Bread ration      |       |       |     3 |     3 |     2 ||     8
       Royal jelly       |       |       |     1 |       |     2 ||     3
Armor: Robe              |     3 |     4 |     7 |    20 |    16 ||    50
Dodge: Dodged            |    37 |    64 |   195 |   376 |   631 ||  1303
Block: Buckler           |       |       |    26 |   182 |    97 ||   305
       Reflection        |       |       |       |     1 |     6 ||     7
       Other             |       |       |       |       |    52 ||    52
